 Dungeon Crawl Stone Soup version 0.30-a0-1018-g25214051b3 (webtiles) character file.

Game seed: 1352213144319913132

23 cforsyth the Caller (level 2, -2/17 HPs)
             Began as an Octopode Summoner on Apr 8, 2023.
             Killed from afar by Sigmund (9 damage)
             ... with a puff of flame
             ... on level 2 of the Dungeon.
             The game lasted 00:01:28 (1067 turns).

cforsyth the Caller (Octopode Summoner)             Turns: 1067, Time: 00:01:28

Health: -2/17      AC:  1    Str:  7    XL:     2   Next: 95%
Magic:  4/5        EV: 13    Int: 17    God:
Gold:   34         SH:  0    Dex: 12    Spells: 5/6 levels left

rFire   . . .      SeeInvis .    (no weapon)
rCold   . . .      Faith    .    (no shield)
rNeg    . . .      Spirit   .    (helmet restricted)
rPois   .          Reflect  .    (no amulet)
rElec   .          Rampage  .    (no ring)
rCorr   .                        (no ring)
Will    .....                    (no ring)
Stlth   +++                      (no ring)
HPRegen 0.22/turn                (no ring)
MPRegen 0.09/turn                (no ring)
                                 (no ring)
                                 (no ring)

@: no status effects
A: almost no armour, amphibious, 8 rings, camouflage 1, gelatinous body 1,
(nimble swimmer 1), tentacles
a: no special abilities


You were on level 2 of the Dungeon.
You visited 1 branch of the dungeon, and saw 2 of its levels.

You collected 34 gold pieces.

Inventory:

Scrolls
 b - a scroll of fear {unknown}
 d - a scroll of blinking {unknown}
 e - a scroll of immolation {unknown}
 f - a scroll of identify {unknown}
 g - a scroll of teleportation {unknown}
Potions
 a - a potion of magic
 c - 2 potions of curing {unknown}
 h - a potion of lignification {unknown}


   Skills:
 - Level 2.0 Dodging
 - Level 2.6 Stealth
 + Level 2.6 Spellcasting
 + Level 4.4 Summonings


You had 5 spell levels left.
You knew the following spells:

 Your Spells              Type           Power      Damage    Failure   Level
a - Summon Small Mammal   Summ           68%        N/A       3%          1

Your spell library contained the following spells:

 Spells                   Type           Power      Damage    Failure   Level
 Call Imp                 Summ           34%        N/A       4%          2
 Call Canine Familiar     Summ           17%        N/A       9%          3
 Summon Guardian Golem    Hex/Summ       9%         N/A       22%         3
 Ensorcelled Hibernation  Hex/Ice        4%         N/A       28%         2
 Spider Form              Tmut/Pois      2%         N/A       50%         3
 Summon Lightning Spire   Summ/Air       9%         N/A       58%         4
 Anguish                  Hex/Necr       1%         N/A       88%         4


Dungeon Overview and Level Annotations

Branches:
Dungeon (2/15)

Altars:

Annotations:
D:2 Sigmund


Innate Abilities, Weirdness & Mutations

You cannot wear most types of armour.
You are amphibious.
You can wear up to eight rings at the same time.
Your skin changes colour to match your surroundings (Stealth+).
Your rubbery body absorbs attacks. (AC +1, EV +1)
((You are camouflaged when in or above water. (Stealth+)))
You have tentacles for arms and can constrict up to eight enemies at once.


Message History

A bat is nearby!
A bat is nearby!
A bat is nearby!
There is an open door here.
The helpless bat fails to defend itself.
You tentacle-slap the bat but do no damage.
Your grab misses the bat.
Sigmund shouts!
The bat barely misses you. Sigmund casts a spell at you.
You resist with significant effort.
You closely miss the bat. Your grab misses the bat. The bat misses you.
The bat hits you. Sigmund misses you.
You tentacle-slap the bat but do no damage.
You grab the bat. You squeeze the bat.
You kill the bat!
Sigmund barely misses you.
There is an open door here.
Your quokka bites Sigmund.
You see here a hobgoblin corpse.
You see here a +0 pair of gloves.
Sigmund casts a spell at you. The puff of flame hits you!
Ouch! That really hurt!
You are too injured to fight recklessly!
Casting: Summon Small Mammal (safe; 3% risk of failure)
Confirm with . or Enter, or press ? or * to list all spells.
Sigmund laughs darkly.
Sigmund points at you and mumbles some strange words.
The magic dart hits your quokka.
Sigmund says, "Now you see me, now you don't..."
Sigmund points at you and mumbles some strange words.
The magic dart hits your quokka.
Your quokka dies!
Your quokka's corpse disappears in a puff of smoke!
Sigmund casts a spell at you. The puff of flame hits you!
Ouch! That really hurt!
You die...

.........#.#.##.>..###
........#.#.r@........
#......#.####........
#......#@# ...##..#.
#......#.# ######.#..
#......#@# ..#... #
#.....†..# #.#.# #
#..)..######...#.#
##.....@.....@....#
#.....####.....####
#.......#.......#
#.....#.#.......#
#.....#.........###
##...#####........#
#.......#.###.##.#
###....##.#.# #.##.#
#......#..#.# #.##.#


You could see Sigmund.

Vanquished Creatures
  2 endoplasms (D:1)
  A goblin (D:2)
  2 hobgoblins (D:1)
  2 quokkas (D:1)
  2 ball pythons
  2 bats
  A kobold (D:1)
12 creatures vanquished.

Vanquished Creatures (collateral kills)
  A dart slug (D:1)
  2 bats
  An endoplasm (D:1)
  A hobgoblin (D:2)
  A ball python (D:2)
6 creatures vanquished.

Grand Total: 18 creatures vanquished

Notes
Turn   | Place    | Note
-------+----------+-------------------------------------------
     0 | D:1      | cforsyth the Octopode Summoner began the quest for the Orb.
     0 | D:1      | Reached XP level 1. HP: 11/11 MP: 3/3
   434 | D:1      | Reached XP level 2. HP: 17/17 MP: 1/5
   797 | D:2      | Noticed Sigmund
  1067 | D:2      | Killed from afar by Sigmund

Illustrated notes

Levels and vault maps discovered:
D:1:      dpeg_arrival_rhombi, layout_basic
D:2:      wad_river_or_something, layout_basic, minmay_goblin_outpost,
          uniq_sigmund

Action                     || total
---------------------------++-------
  Melee: Unarmed           ||    46
         Constrict         ||    13
         Tentacles         ||    10
   Cast: Summon Small Mamm ||    25
   Stab: Sleeping          ||     3
         Distracted        ||     1
 Armour: Skin              ||     4
  Dodge: Dodged            ||    32

Table legend: (Time is in decaauts)
 A = Elapsed time spent in this place.
 B = Non-inter-level travel time spent in this place.
 C = Inter-level travel time spent in this place.
 D = Time resting spent in this place.
 E = Time spent auto-exploring this place.
 F = Levels seen in this place.
 G = Mean time per level.
                   A        B        C        D        E       F      G
               +--------+--------+--------+--------+--------+-----+--------+
         Total |   1067 |   1051 |     16 |      0 |    820 |   2 |  533.5 |
       Dungeon |   1067 |   1051 |     16 |      0 |    820 |   2 |  533.5 |
               +--------+--------+--------+--------+--------+-----+--------+

Top non-repeatable levels by time:
     D:1: 850 daAuts
     D:2: 216 daAuts
